 Dungeon Crawl Stone Soup version 0.30.0-5-g1a98f26d00 (webtiles) character file.

Game seed: 3750706872464867734

10802 Woods the Martial Artist (level 11, -16/103 HPs)
             Began as a Naga Transmuter on May 11, 2023.
             Was a High Priest of Cheibriados.
             Demolished by a white ugly thing (28 damage)
             ... on level 9 of the Dungeon.
             The game lasted 00:27:39 (10946 turns).

Woods the Martial Artist (Naga Transmuter)         Turns: 10946, Time: 00:27:39

Health: -16/103    AC:  2    Str: 25    XL:     11   Next: 67%
Magic:  0/32       EV: 26    Int: 31    God:    Cheibriados [*****.]
Gold:   396        SH:  0    Dex: 30    Spells: 10/26 levels left

rFire   . .          .
                       - Unarmed
rCold   . . .        (shield currently unavailable)
rNeg    . . .        F - melded +2 steam dragon scales
rPois   x            x - melded +0 helmet
rElec   .            C - melded +0 cloak
rCorr   .            L - melded +2 pair of gloves
SInv    +            (no barding)
Will    +....        y - amulet of guardian spirit
Stlth   ++           d - ring of magical power
HPRegen 0.37/turn    D - +4 ring of slaying
MPRegen 0.23/turn

%: guardian spirit
@: about to teleport, spider-form, very slow
A: venomous fangs, AC +3, tiny, see invisible, (deformed body), (poison
resistance), (slowness 2), spit poison 1, (naga tail 1)
a: Spit Poison, End Transformation, Renounce Religion, Bend Time, Temporal
Distortion, Slouch, Step From Time


You were on level 9 of the Dungeon.
You worshipped Cheibriados.
Cheibriados was extremely pleased with you.
You were a venomous arachnid creature.
You visited 1 branch of the dungeon, and saw 9 of its levels.

You collected 466 gold pieces.
You spent 70 gold pieces at shops.

Inventory:

Hand Weapons
 E - a +2 broad axe of flaming
Missiles
 H - a throwing net
Armour
 a - a +0 robe
 u - a +0 leather armour
 v - a +0 chain mail
 x - a +0 helmet (melded)
 C - a +0 cloak (melded)
 F - +2 steam dragon scales (melded)
 L - a +2 pair of gloves (melded)
Jewellery
 d - a ring of magical power (left front pincers)
 f - a ring of willpower
 p - a ring of fire
 y - an amulet of guardian spirit (around neck)
 B - a ring of positive energy
 D - a +4 ring of slaying (right front pincers)
 M - a +4 ring of slaying
Wands
 q - a wand of quicksilver (4)
 A - a wand of flame (28)
 K - a wand of digging (2)
Scrolls
 c - 2 scrolls of fear
 e - 2 scrolls of enchant weapon
 h - 2 scrolls of fog {unknown}
 j - 5 scrolls of immolation
 m - 5 scrolls of teleportation
 o - 5 scrolls of magic mapping
 G - a scroll of amnesia
 I - a scroll of poison {unknown}
 J - a scroll of enchant armour {unknown}
 N - a scroll of noise {unknown}
 O - a scroll of vulnerability {unknown}
Potions
 b - 3 potions of flight
 g - 2 potions of curing
 i - a potion of cancellation
 k - a potion of attraction
 l - a potion of mutation
 n - 5 potions of might
 r - a potion of brilliance
 s - 2 potions of ambrosia
 t - a potion of heal wounds
 z - a potion of degeneration {unknown}


   Skills:
 - Level 8.0 Fighting
 * Level 1.8 Armour
 - Level 5.0 Dodging
 * Level 10.3 Unarmed Combat
 + Level 8.0 Spellcasting
 - Level 5.0 Translocations
 + Level 6.4 Transmutations


You had 10 spell levels left.
You knew the following spells:

 Your Spells              Type           Power      Damage    Failure   Level
a - Beastly Appendage     Tmut           100%       N/A       2%          1
b - Wereblood             Tmut           51%        N/A       3%          2
c - Spider Form           Tmut/Pois      32%        N/A       11%         3
d - Ice Form              Ice/Tmut       32%        N/A       26%         4
e - Manifold Assault      Tloc           43%        N/A       14%         4
f - Blink                 Tloc           86%        N/A       4%          2

Your spell library contained the following spells:

 Spells                   Type           Power      Damage    Failure   Level
 Passwall                 Tmut/Erth      26%        N/A       7%          2
 Magic Dart               Conj           48%        1d5       13%         1
 Call Imp                 Summ           24%        N/A       17%         2
 Ensorcelled Hibernation  Hex/Ice        24%        N/A       17%         2
 Mephitic Cloud           Conj/Pois/Air  12%        N/A       28%         3
 Swiftness                Air            12%        N/A       28%         3
 Storm Form               Tmut/Air       16%        N/A       100%        7


Dungeon Overview and Level Annotations

Branches:
Dungeon (9/15)             Temple (0/1) D:6            Lair (0/5) D:8
    Orc: D:9-12

Altars:
Ashenzari
Cheibriados
Gozag
Qazlal
Uskayaw
Vehumet
Wu Jian
The Shining One

Shops:
D:5 [   D:6 *

Annotations:
D:6 3 runed translucent doors, exclusions: electric eel and 7 more exclusions, becking's ghost, novice OpCj


Innate Abilities, Weirdness & Mutations

You are a venomous arachnid creature.
You have venomous fangs.
You are tiny and dextrous.
Your spellcasting is less reliable in this form.
Your armour is entirely melded.
You are incapable of wielding weapons or throwing items.
((Your serpentine skin is tough. (AC +3)))
You have supernaturally acute eyesight. (SInv)
((Armour fits poorly on your strangely shaped body.))
((Your system is resistant to poisons. (rPois)))
((You cover ground very slowly.))
You can spit poison.
((You have a snake-like lower body.))


Message History

[the floor.] Reduced exclusion size to a single square.
Removed exclusion.
h - 2 scrolls labelled ENOEM EZIALE (gained 1)
You pick up a book of Minor Magic and begin reading...
You add the spells Magic Dart, Call Imp and Mephitic Cloud to your library.
You now have 396 gold pieces (gained 6).
A spark wasp comes into view.
The spark wasp buzzes angrily.
The spark wasp bursts into living lightning!
The living lightning hits you!!
The spark wasp blinks! x2
The spark wasp stings you. The spark wasp shocks you!
The spark wasp stings you! The spark wasp shocks you!
The spark wasp stings you. The spark wasp shocks you!
Casting: Spider Form (mildly dangerous; 3% risk of failure)
Confirm with . or Enter, or press ? or * to list all spells.
You turn into a venomous arachnid creature.
Your +0 cloak melds into your body.
Your +0 helmet melds into your body.
Your +2 pair of gloves melds into your body.
Your +2 steam dragon scales melds into your body.
The spark wasp closely misses you.
As you read the scroll of teleportation, it crumbles to dust.
You feel strangely unstable. The spark wasp completely misses you.
The spark wasp stings you!!
* * * LOW HITPOINT WARNING * * *
The spark wasp shocks you!
* * * LOW HITPOINT WARNING * * *
Unknown command.
You feel much better. The spark wasp closely misses you.
The spark wasp stings you. The spark wasp shocks you!
* * * LOW HITPOINT WARNING * * *
The spark wasp barely misses you.
Your surroundings suddenly seem different.
A white ugly thing comes into view.
As you read the scroll of teleportation, it crumbles to dust.
You feel strangely unstable. The white ugly thing bites you!
* * * LOW HITPOINT WARNING * * *
The white ugly thing freezes you!!
You die...

#.# #.##..##.### #.# #.
#..##.### #.# #.# #..#.....
#.# #u# #.##..#..### #.# #.#
#.......)### #.# #.#
###.....†.. #.# #.#
#######.##.#### ####.#
#.######.......##.#
.....#######...us............#
####...........).)..##########
##################


You could see a white ugly thing.

Vanquished Creatures
  A rakshasa (D:9)
  A deep elf pyromancer (D:9)
  Maggie (D:6)
  A rime drake (D:8)
  A hornet (D:9)
  A slime creature (D:9)
  A wyvern (D:8)
  25 yaks
  2 steam dragons
  Eustachio (D:4)
  Grum (D:8)
  Menkaure (D:5)
  An acid dragon (D:9)
  A water moccasin (D:7)
  4 orc warriors
  2 sky beasts
  3 ice beasts (D:8)
  3 ogres
  7 wolves (D:8)
  3 phantoms
  3 centaurs
  4 bullfrogs
  2 scorpions
  13 killer bees (D:9)
  An electric eel (D:6)
  6 howler monkeys (D:9)
  3 hounds
  A jelly (D:4)
  3 orc priests
  A gnoll bouda (D:7)
  2 sleepcaps
  5 iguanas
  5 orc wizards
  8 gnolls (D:7)
  8 adders
  A river rat (D:4)
  2 shadow imps
  A white imp (D:6)
  3 ufetubi
  2 worms
  2 dart slugs
  20 orcs
  4 endoplasms
  8 giant cockroaches
  8 goblins
  6 hobgoblins
  5 quokkas
  6 ball pythons
  2 bats
  5 frilled lizards
  5 kobolds
  7 rats
213 creatures vanquished.

Vanquished Creatures (others)
  An orc (D:7)
1 creature vanquished.

Grand Total: 214 creatures vanquished

Notes
Turn   | Place    | Note
-------+----------+-------------------------------------------
     0 | D:1      | Woods the Naga Transmuter began the quest for the Orb.
     0 | D:1      | Reached XP level 1. HP: 18/18 MP: 3/3
   190 | D:1      | Reached XP level 2. HP: 14/25 MP: 3/5
  1195 | D:2      | Reached XP level 3. HP: 11/31 MP: 6/6
  2435 | D:3      | Reached XP level 4. HP: 19/39 MP: 7/7
  2435 | D:3      | Found a glowing golden altar of the Shining One.
  2437 | D:3      | Found a hide-covered altar of Uskayaw.
  2631 | D:3      | Found a snail-covered altar of Cheibriados.
  2644 | D:3      | Became a worshipper of Cheibriados the Contemplative
  2939 | D:3      | Found a radiant altar of Vehumet.
  2939 | D:3      | Found a stormy altar of Qazlal.
  3218 | D:4      | Noticed an ogre
  3219 | D:4      | Noticed a phantom
  3230 | D:4      | Killed an ogre
  3231 | D:4      | Reached XP level 5. HP: 11/45 MP: 9/9
  3237 | D:4      | Killed a phantom
  3238 | D:4      | Reached XP level 6. HP: 22/55 MP: 10/10
  3478 | D:4      | Reached skill level 4 in Unarmed Combat
  3596 | D:4      | Noticed Eustachio
  3612 | D:4      | HP: 2/55 [goblin/+0 club (1)]
  3614 | D:4      | Reached * piety under Cheibriados
  3780 | D:4      | Killed Eustachio
  3931 | D:4      | Reached XP level 7. HP: 62/62 MP: 12/12
  4227 | D:5      | Entered Level 5 of the Dungeon
  4436 | D:5      | Noticed Menkaure
  4447 | D:5      | Killed Menkaure
  4679 | D:5      | Reached skill level 5 in Unarmed Combat
  4769 | D:5      | Learned a level 2 spell: Wereblood
  4773 | D:5      | Learned a level 3 spell: Spider Form
  5192 | D:5      | Found an ornate altar of the Wu Jian Council.
  5213 | D:5      | Reached ** piety under Cheibriados
  5354 | D:5      | Reached XP level 8. HP: 35/72 MP: 6/13
  5569 | D:5      | Found Hiliw's Armour Boutique.
  5681 | D:5      | Found the +5 woodcutter's axe
  5755 | D:5      | Reached skill level 6 in Unarmed Combat
  6014 | D:6      | Noticed a slime creature
  6014 | D:6      | Noticed becking's ghost (novice OpCj)
  6025 | D:6      | Found a runed translucent gate.
  6025 | D:6      | Found a runed translucent gate.
  6025 | D:6      | Found a runed translucent gate.
  6080 | D:6      | Noticed Maggie
  6099 | D:6      | Killed Maggie
  6100 | D:6      | Reached skill level 5 in Fighting
  6100 | D:6      | Reached skill level 7 in Unarmed Combat
  6236 | D:6      | Learned a level 4 spell: Ice Form
  6358 | D:6      | Reached skill level 5 in Dodging
  6358 | D:6      | Reached XP level 9. HP: 44/82 MP: 12/14
  6737 | D:6      | Found a staircase to the Ecumenical Temple.
  6825 | D:6      | Found Zuutiun's General Store.
  6828 | D:6      | Reached *** piety under Cheibriados
  6831 | D:6      | Bought a potion of heal wounds for 70 gold pieces
  7654 | D:7      | Found a broken altar of Ashenzari.
  7701 | D:7      | Reached skill level 5 in Transmutations
  7764 | D:7      | Reached **** piety under Cheibriados
  7877 | D:7      | Reached skill level 8 in Unarmed Combat
  7935 | D:7      | Reached skill level 5 in Spellcasting
  8347 | D:8      | Reached XP level 10. HP: 77/91 MP: 18/18
  8349 | D:8      | Noticed Grum
  8359 | D:8      | Killed Grum
  8491 | D:8      | Reached skill level 9 in Unarmed Combat
  8531 | D:8      | Learned a level 4 spell: Manifold Assault
  8534 | D:8      | Learned a level 2 spell: Blink
  8555 | D:8      | Reached skill level 1 in Translocations
  8558 | D:8      | Reached ***** piety under Cheibriados
  8581 | D:8      | Reached skill level 10 in Unarmed Combat
  8738 | D:8      | Found a staircase to the Lair.
  9064 | D:8      | Reached XP level 11. HP: 84/100 MP: 12/21
  9153 | D:8      | Found an opulent altar of Gozag.
  9972 | D:9      | Noticed a two-headed ogre
 10107 | D:9      | Noticed a deep elf pyromancer
 10113 | D:9      | Killed a deep elf pyromancer
 10337 | D:9      | Noticed a rakshasa
 10472 | D:9      | Reached skill level 5 in Translocations
 10493 | D:9      | Killed a rakshasa
 10494 | D:9      | Reached skill level 1 in Armour
 10937 | D:9      | Noticed a spark wasp
 10942 | D:9      | Noticed a white ugly thing
 10946 | D:9      | Demolished by a white ugly thing

Illustrated notes

Levels and vault maps discovered:
D:1:      minmay_arrival_four_houses, layout_basic, st_stairs_4
D:2:      layout_basic
D:3:      wander_river, layout_loops_ring, jmf_multi_god_temple,
          lemuel_round_altar, gammafunk_temple_overflow_wave,
          grunt_decor_arrowhead, minmay_strange_pillars
D:4:      layout_basic, gup_sewer_entry_spiral, uniq_eustachio
D:5:      kb_forest_paths, layout_basic, mainiacjoe_overflow_surrounded_room,
          serial_shops, nicolae_shop_behind_doors, uniq_menkaure
D:6:      layout_gridville, minmay_temple_entry_nine_rooms, serial_shops,
          nicolae_shop_rolling_square, gammafunk_ghost_split,
          chequers_big_river, st_stairs_10, hangedman_decor_points, uniq_maggie
D:7:      layout_basic, ashenzari_altar_1
D:8:      layout_basic, kennysheep_little_box, hellmonk_lair_entry_icy,
          uniq_grum
D:9:      minmay_tri_box, layout_loops_ring

Skill      XL: |  1  2  3  4  5  6  7  8  9 10 11 |
---------------+----------------------------------+-----
Dodging        | 2 3 5 |  5.0
Fighting       | 2 3 4 5 6 7 8 |  8.0
Transmutations | 3 5 6 |  6.4
Spellcasting   | 3 5 6 8 |  8.0
Unarmed Combat | 4 5 7 8 10 | 10.3
Translocations | 3 5 |  5.0
Armour         | 1 |  1.8

Action                     |  1- 3 |  4- 6 |  7- 9 | 10-12 || total
---------------------------+-------+-------+-------+-------++-------
  Melee: Unarmed           |   144 |    69 |   285 |   220 ||   718
         Headbutt          |    18 |    16 |     4 |     2 ||    40
         Punch             |     2 |     3 |     1 |     1 ||     7
   Cast: Beastly Appendage |    28 |    10 |     8 |     1 ||    47
         Spider Form       |       |       |    40 |    21 ||    61
         Wereblood         |       |       |       |     4 ||     4
 Invoke: Bend Time         |       |       |     1 |       ||     1
Ability: Spit Poison       |     4 |    10 |       |       ||    14
         End Transformatio |       |       |     5 |     4 ||     9
    Use: Potion            |       |     1 |       |     1 ||     2
         Scroll            |       |     1 |     9 |     6 ||    16
   Stab: Sleeping          |     1 |       |     1 |       ||     2
 Armour: Robe              |    23 |     3 |       |       ||    26
         Skin              |       |     6 |     8 |     2 ||    16
         Leather armour    |       |     4 |    23 |       ||    27
         Steam dragon scal |       |       |     5 |     9 ||    14
  Dodge: Dodged            |    73 |    32 |   250 |   219 ||   574
